 Dungeon Crawl Stone Soup version 0.24.0-125-gc4c63601f3 (webtiles) character file.

Game seed: 13596575243574221862, levelgen mode: deterministic

5343 H0rd4k the Slicer (level 10, -9/75 HPs)
             Began as a Human Artificer on Feb 25, 2020.
             Was an Initiate of Gozag.
             Mangled by a blink frog (16 damage)
             ... on level 1 of the Lair of Beasts.
             The game lasted 00:24:01 (10257 turns).

H0rd4k the Slicer (Human Artificer)                Turns: 10257, Time: 00:24:02

Health: -9/75      AC:  8    Str: 13    XL:     10   Next: 96%
Magic:  13/13      EV: 17    Int: 13    God:    Gozag
Gold:   986        SH:  0    Dex: 27    Spells: 9/9 levels left

rFire    + . .     SeeInvis .   n - +5 dagger (speed)
rCold    x . .     Gourm    .   (no shield)
rNeg     . . .     Faith    .   b - +0 leather armour
rPois    .         Spirit   .   (no helmet)
rElec    .         Reflect  .   (no cloak)
rCorr    .         Harm     .   B - +0 pair of gloves of Distant Shores {rC- MR- Int+2 Dex+10}
MR       .....                  s - +2 pair of boots
Stlth    ++++......             (no amulet)
HPRegen  0.22/turn              z - ring of protection from fire
MPRegen  0.13/turn              (no ring)

@: no status effects
A: no striking features
a: Potion Petition, Call Merchant, Bribe Branch, Renounce Religion


You were on level 1 of the Lair of Beasts.
You worshipped Gozag.
Gozag was pleased with you.
You were hungry.

You visited 2 branches of the dungeon, and saw 11 of its levels.

You collected 1083 gold pieces.
You paid 97 gold pieces to Gozag.

Inventory:

Hand Weapons
 l - a +1 short sword of holy wrath
 n - a +5 dagger of speed (weapon)
Missiles
 t - 17 poisoned darts (quivered)
Armour
 b - a +0 leather armour (worn)
 s - a +2 pair of boots (worn)
 B - the +0 pair of gloves of Distant Shores (worn) {rC- MR- Int+2 Dex+10}
   (You found it on level 7 of the Dungeon)

   It affects your intelligence (+2).
   It affects your dexterity (+10).
   It makes you vulnerable to cold.
   It affects your resistance to hostile enchantments.
Jewellery
 z - a ring of protection from fire (left hand)
Wands
 c - a wand of digging (10)
Scrolls
 g - a scroll of amnesia
 h - a scroll of remove curse
 m - 2 scrolls of magic mapping
 A - a scroll of immolation
Potions
 a - 3 potions of berserk rage
 d - a potion of haste
 j - a potion of invisibility
 k - 2 potions of mutation
 o - 2 potions of lignification
 p - 5 potions of curing
 r - 2 potions of flight
 u - 2 potions of resistance
 x - a potion of degeneration {unknown}
 D - a potion of agility {unknown}
Miscellaneous
 e - a phantom mirror
Comestibles
 f - 8 rations


   Skills:
 + Level 5.6 Fighting
 + Level 8.2 Short Blades
 + Level 5.6 Throwing
 + Level 5.3 Armour
 + Level 5.8 Dodging
 + Level 5.6 Stealth
 + Level 5.3 Evocations


You had 9 spell levels left.
You didn't know any spells.
Your spell library contained the following spells:

 Spells                   Type           Power        Failure   Level  Hunger
 Animate Skeleton         Necr           N/A          36%         1    ##.....
 Apportation              Tloc           #.....       36%         1    ##.....
 Confusing Touch          Hex            #.....       36%         1    ##.....
 Sting                    Conj/Pois      #...         36%         1    ##.....
 Summon Small Mammal      Summ           #...         36%         1    ##.....
 Poisonous Vapours        Pois/Air       #.....       50%         2    ###....
 Mephitic Cloud           Conj/Pois/Air  #.......     75%         3    ####...
 Olgreb's Toxic Radiance  Pois           #.......     98%         4    #####..
 Venom Bolt               Conj/Pois      #.........   100%        5    ######.


Dungeon Overview and Level Annotations

Branches:
Dungeon (10/15)            Temple (0/1) D:7            Lair (1/6) D:8
    Orc: D:9-12

Altars:
Ashenzari
Cheibriados
Dithmenos
Elyvilon
Fedhas
Gozag
Kikubaaqudgha
Makhleb
Nemelex Xobeh
Uskayaw
Zin

Shops:
D:6 [%

Portals:
Trove: D:10 (give +4 fire dragon scales)

Annotations:
D:2 exclusion: downstairs
D:4 exclusion: downstairs
D:5 exclusion: two-headed ogre, Eustachio
D:6 exclusion: upstairs
D:7 exclusions: killer bee and two-headed ogre
D:10 !unseen


Message History

Okay, then.
Unknown command.
You hit the spiny frog.
The spiny frog is almost dead.
You hit the spiny frog but do no damage.
The spiny frog is almost dead.
You feel sick. The spiny frog stings you!
* * * LOW HITPOINT WARNING * * *
You hit the spiny frog.
The spiny frog is almost dead.
* * * LOW HITPOINT WARNING * * *
You feel sick.
You hit the spiny frog but do no damage.
The spiny frog is almost dead.
The blink frog misses you.
You feel better. The spiny frog stings you!
* * * LOW HITPOINT WARNING * * *
The blink frog hits you!
You die...
Your body crumbles into a pile of gold.

#.#....###
#....#..#
####.....#
#......##
##....## #...$..#
##....##
##......#
##....##
#..##....#
##....## ##$.#
...# ####
##...P###.### ...
###..###
###..##F## ..
#.....P## ##..@##
. #.......##
##F## .........##
##..#
..........###..##
...........#..##
.............##
...........<.#
.............#
............##


You could see a spiny frog and a blink frog.

Vanquished Creatures
  2 black mambas (Lair:1)
  A spiny frog (Lair:1)
  3 blink frogs (Lair:1)
  A hippogriff (Lair:1)
  Sigmund (D:3)
  A wyvern (D:8)
  A wraith (D:10)
  Menkaure (D:7)
  A water moccasin (D:10)
  A sky beast (D:10)
  An ice beast (D:7)
  A necrophage (D:7)
  2 phantoms
  3 ogres
  5 centaurs
  2 crocodiles (D:8)
  A big kobold (D:10)
  4 bullfrogs
  A wyvern skeleton (D:6)
  2 scorpions
  A howler monkey (D:6)
  2 crimson imps (D:10)
  A bullfrog zombie (D:10)
  An orc priest (D:7)
  A quasit (D:6)
  5 hounds
  2 jellies
  A bullfrog skeleton (D:8)
  Crazy Yiuf (D:4)
  3 orc wizards
  2 centaur skeletons
  5 iguanas
  Jessica (D:1)
  Terence (D:3)
  Natasha (thrice) (D:2)
  9 worker ants
  3 gnolls
  8 adders
  A shadow imp (D:10)
  3 oozes
  An adder skeleton (D:5)
  An adder zombie (D:7)
  A worm (D:3)
  A dart slug (D:2)
  4 leopard geckos
  15 orcs
  10 bats
  3 giant cockroaches
  7 goblins
  8 hobgoblins
  6 jackals
  3 quokkas
  3 frilled lizards
  9 kobolds
  A quokka zombie (D:8)
  7 rats
169 creatures vanquished.

Vanquished Creatures (collateral kills)
  2 worker ants
  A hound skeleton (D:5)
  A gnoll (D:5)
  A howler monkey skeleton (D:5)
  A worm (D:2)
  2 orcs (D:6)
8 creatures vanquished.

Vanquished Creatures (others)
  A worker ant (D:6)
  2 gnolls (D:2)
  An adder (D:5)
  A worm (D:1)
  A quokka (D:3)
6 creatures vanquished.

Grand Total: 183 creatures vanquished

Notes
Turn   | Place    | Note
-------+----------+-------------------------------------------
     0 | D:1      | H0rd4k the Human Artificer began the quest for the Orb.
     0 | D:1      | Reached XP level 1. HP: 15/15 MP: 3/3
    39 | D:1      | Reached XP level 2. HP: 16/21 MP: 4/4
   552 | D:1      | Reached XP level 3. HP: 6/26 MP: 5/5
  1149 | D:2      | Noticed Jessica
  1323 | D:1      | Killed Jessica
  1323 | D:1      | Reached skill level 1 in Armour
  1323 | D:1      | Reached XP level 4. HP: 6/32 MP: 6/6
  1661 | D:2      | Reached skill level 2 in Short Blades
  1687 | D:2      | Noticed Natasha
  1705 | D:2      | Killed Natasha
  1716 | D:2      | Reached XP level 5. HP: 17/37 MP: 7/7
  2047 | D:2      | Found a burning altar of Makhleb.
  2049 | D:2      | Found a glowing silver altar of Zin.
  2049 | D:2      | Noticed a green death
  2049 | D:2      | Noticed an angel
  2129 | D:2      | Noticed Natasha
  2143 | D:2      | Killed Natasha
  2211 | D:2      | Found an opulent altar of Gozag.
  2331 | D:3      | Found a white marble altar of Elyvilon.
  2406 | D:3      | Noticed Sigmund
  2454 | D:2      | Noticed Natasha
  2473 | D:2      | Killed Natasha
  2473 | D:2      | Reached XP level 6. HP: 24/43 MP: 9/9
  2803 | D:3      | Killed Sigmund
  2803 | D:3      | Reached skill level 3 in Short Blades
  2803 | D:3      | Reached XP level 7. HP: 43/49 MP: 10/10
  2915 | D:3      | Found a faded altar of an unknown god.
  2929 | D:3      | Noticed Terence
  2997 | D:4      | Found a shadowy altar of Dithmenos.
  3456 | D:3      | Killed Terence
  3744 | D:5      | Entered Level 5 of the Dungeon
  4057 | D:4      | Found a runed translucent door.
  4058 | D:4      | Noticed Crazy Yiuf
  4186 | D:5      | Reached skill level 1 in Throwing
  4196 | D:5      | Reached skill level 4 in Short Blades
  4277 | D:5      | Noticed a two-headed ogre
  4425 | D:6      | Found a sparkling altar of Nemelex Xobeh.
  4438 | D:6      | Reached XP level 8. HP: 56/56 MP: 11/11
  5000 | D:6      | Found Hasef's Food Boutique.
  5083 | D:6      | Found a shattered altar of Ashenzari.
  5143 | D:6      | Reached skill level 5 in Short Blades
  5680 | D:6      | Found a snail-covered altar of Cheibriados.
  5792 | D:6      | Found Eferoida's Antique Armour Shoppe.
  5931 | D:2      | Became a worshipper of Gozag Ym Sagoz the Greedy
  6135 | D:4      | Killed Crazy Yiuf
  6202 | D:5      | Noticed Eustachio
  6325 | D:7      | Reached XP level 9. HP: 52/63 MP: 12/12
  6373 | D:7      | Got a pair of crude gloves
  6379 | D:7      | Identified the +0 pair of gloves of Distant Shores {rC- MR-
                  | Int+2 Dex+10} (You found it on level 7 of the Dungeon)
  6471 | D:7      | Found a staircase to the Ecumenical Temple.
  6688 | D:7      | Noticed Menkaure
  6705 | D:7      | Killed Menkaure
  6876 | D:7      | Reached skill level 6 in Short Blades
  7058 | D:8      | Noticed a two-headed ogre
  7290 | D:8      | Reached skill level 5 in Evocations
  7612 | D:8      | Found a staircase to the Lair.
  7899 | D:8      | Reached XP level 10. HP: 47/73 MP: 13/13
  8060 | D:9      | Found an opulent altar of Gozag.
  8193 | D:9      | Reached skill level 7 in Short Blades
  8222 | D:9      | Found a blossoming altar of Fedhas.
  8222 | D:9      | Found a hide-covered altar of Uskayaw.
  8223 | D:9      | Found an ancient bone altar of Kikubaaqudgha.
  8223 | D:9      | Found a sparkling altar of Nemelex Xobeh.
  8301 | D:9      | Reached skill level 5 in Dodging
  8516 | D:10     | Entered Level 10 of the Dungeon
  8546 | D:10     | Reached skill level 5 in Throwing
  9266 | D:10     | Reached skill level 5 in Fighting
  9374 | D:10     | Reached skill level 5 in Armour
  9432 | D:10     | Found a portal to a secret trove of treasure.
  9704 | Lair:1   | Entered Level 1 of the Lair of Beasts
  9704 | Lair:1   | Noticed a black mamba
  9706 | Lair:1   | Noticed a spiny frog
  9707 | Lair:1   | Killed a black mamba
  9709 | Lair:1   | Killed a spiny frog
  9709 | Lair:1   | Reached skill level 5 in Stealth
  9793 | Lair:1   | Noticed a black mamba
  9793 | Lair:1   | Noticed a spiny frog
  9817 | Lair:1   | Killed a black mamba
  9817 | Lair:1   | Reached skill level 8 in Short Blades
 10257 | Lair:1   | Mangled by a blink frog

Levels and vault maps discovered:
D:1:      roderic_octagonal_star, layout_loops_corners
D:2:      layout_rooms, grunt_temple_overflow_order_and_chaos_2,
          grunt_gozag_breadcrumbs, uniq_jessica, uniq_natasha
D:3:      layout_basic, elyvilon_altar_4, chequers_ecumenical_altar_grove,
          uniq_sigmund, uniq_terence
D:4:      layout_loops_ring, nicolae_dithmenos_through_a_glass_darkly,
          uniq_crazy_yiuf_cottage
D:5:      layout_basic, first_ration, uniq_eustachio
D:6:      layout_cave_pools, kennysheep_mini_moat, lemuel_round_altar,
          serial_shops, kennysheep_little_box, nicolae_shop_stone,
          nemelex_dance_club_becter
D:7:      layout_basic, minmay_temple_entry_mist, uniq_menkaure, uniq_pikel
D:8:      layout_rooms, lair_entry_dummy
D:9:      layout_rooms, grunt_temple_overflow_open, basic_altar
D:10:     layout_loops_corners, nicolae_trove_entry_crossroad,
          hangedman_fish_farm, tgw_kikubaaqudgha, uniq_erica
Lair:1:   layout_cave_pods, minmay_lair_oklob_chamber, grunt_megastairs_1

Skill      XL: |  1  2  3  4  5  6  7  8  9 10 |
---------------+-------------------------------+-----
Armour         | 1 2 3 4 5 |  5.3
Short Blades   | 2 3 4 5 6 8 |  8.2
Evocations     | 4 5 |  5.3
Stealth        | 2 3 4 5 |  5.6
Fighting       | 2 3 4 5 |  5.6
Dodging        | 3 4 5 |  5.8
Throwing       | 1 3 4 5 |  5.6

Action                   |  1- 3 |  4- 6 |  7- 9 | 10-12 || total
-------------------------+-------+-------+-------+-------++-------
Melee: Short sword       |    91 |    31 |       |       ||   122
       Dagger            |       |    92 |   519 |   205 ||   816
Throw: Dart              |       |     5 |    76 |    18 ||    99
Evoke: Wand              |     7 |    16 |    22 |    15 ||    60
  Use: Scroll            |       |     5 |     3 |    11 ||    19
       Potion            |       |       |       |     1 ||     1
 Stab: Sleeping          |     4 |     3 |     4 |     2 ||    13
       Paralysed         |     2 |       |       |       ||     2
       Distracted        |       |       |       |     2 ||     2
  Eat: Chunk             |       |     6 |     9 |       ||    15
       Ration            |       |       |     2 |     2 ||     4
Armor: Leather armour    |    26 |    20 |    67 |    26 ||   139
Dodge: Dodged            |    62 |    75 |   225 |    82 ||   444
